AoeStats
← Autopawn

Fortress

508364935Analyzed
3v3 RM · 10d ago on Sep 22, 2026· 90m 27s· 6 players
Game mode
Random Map
Map size
Large (8 player)
Population
200
Speed
Normal
Resources
Standard
Victory
Conquest
Starting age
Dark Age
Ending age
Imperial Age
RankedLock teamsTeams togetherTeam positionsShared explorationLock speedFull tech treeHidden civsTurbo modeCheats
Victory
Defeat
🇨🇱 Wei · Chile
1064
+14
🇨🇱 Byzantines · Chile
1045
+14
🇨🇱 Malians · Chile
1035
+15
🇲🇽 Dravidians · Mexico
1043
-16
🇨🇱 Koreans · Chile
1005
-14
🇺🇸 Bohemians · United States
979
-13
DRAGONROJO500
1:46 Loom
8:04 Feudal Age
9:42 Double-Bit Axe
11:05 Wheelbarrow
10:30 Gold Mining
10:33 Horse Collar
13:50 Castle Age
12:40 Gold Mining
15:01 Hand Cart
15:16 Bow Saw
17:35 Pikeman
20:02 Horse Collar
23:43 Fletching
24:13 Squires
25:09 Ballistics
24:26 Elite Skirmisher
25:53 Medical Corps
26:18 Arson
26:31 Bodkin Arrow
28:46 Thumb Ring
28:59 Husbandry
30:36 Scale Barding Armor
32:13 Padded Archer Armor
36:00 Forging
37:59 Iron Casting
38:41 Fortified Wall
39:18 Chain Barding Armor
42:21 Imperial Age
40:47 Leather Archer Armor
41:51 Scale Mail Armor
42:01 Gambesons
44:03 Chemistry
42:36 Elite Elephant Archer
42:48 Halberdier
44:02 Bracer
44:10 Siege Elephant
46:35 Blast Furnace
46:03 Conscription
48:56 Light Cavalry
52:19 Masonry
53:06 Wootz Steel
hianyzol
6:36 Feudal Age
7:16 Double-Bit Axe
7:14 Horse Collar
13:52 Castle Age
12:36 Forging
12:45 Gold Mining
13:25 Fletching
16:08 Loom
17:01 Wheelbarrow
17:17 Stone Mining
18:25 Bow Saw
25:33 Eupseong
28:48 Imperial Age
26:06 Town Watch
26:58 Ballistics
26:49 Masonry
27:39 Fortified Wall
27:37 Bodkin Arrow
28:15 Heavy Plow
30:07 Gold Shaft Mining
30:43 Bracer
31:45 Chemistry
30:42 Murder Holes
31:44 Stone Shaft Mining
30:32 Elite Skirmisher
31:31 Hand Cart
31:07 Elite Fire Lancer
31:48 Squires
31:34 Gambesons
32:59 Town Patrol
33:29 Thumb Ring
35:12 Two-Man Saw
33:58 Treadmill Crane
34:21 Scale Mail Armor
34:57 Iron Casting
34:46 Conscription
35:33 Chain Mail Armor
35:45 Arson
36:23 Scale Barding Armor
36:50 Architecture
36:15 Arrowslits
49:29 Plate Mail Armor
49:20 Chain Barding Armor
48:27 Pikeman
51:43 Fervor
51:36 Halberdier
54:38 Siege Engineers
57:41 Light Cavalry
58:21 Husbandry
59:43 Hussar
80:54 Cavalier
n2844522
7:34 Feudal Age
14:25 Castle Age
13:21 Double-Bit Axe
13:49 Horse Collar
15:03 Forging
14:54 Scale Mail Armor
17:12 Loom
19:02 Fletching
21:34 Bodkin Arrow
21:55 Chain Mail Armor
22:05 Pikeman
26:47 Ballistics
28:43 Chemistry
28:51 Padded Archer Armor
34:46 Wheelbarrow
34:58 Leather Archer Armor
38:42 Heavy Plow
38:16 Elite Skirmisher
40:00 Iron Casting
40:02 Hand Cart
41:33 Town Watch
42:07 Bow Saw
45:32 Imperial Age
44:10 Guard Tower
45:54 Masonry
45:39 Capped Ram
48:25 Two-Man Saw
47:59 Plate Mail Armor
49:12 Ring Archer Armor
49:32 Halberdier
51:40 Architecture
52:30 Bracer
53:14 Keep
54:03 Squires
55:10 Blast Furnace
Autopawn
9:01 Feudal Age
8:24 Loom
12:34 Castle Age
10:45 Double-Bit Axe
15:01 Elite Skirmisher
18:04 Wheelbarrow
24:55 Scale Barding Armor
24:41 Fletching
25:03 Padded Archer Armor
32:08 Imperial Age
31:38 Bow Saw
32:05 Horse Collar
32:45 Hand Cart
34:03 Chain Barding Armor
35:29 Chemistry
34:51 Heavy Plow
36:19 Forging
39:19 Gold Mining
39:34 Elite Cataphract
40:43 Leather Archer Armor
41:38 Conscription
41:39 Bodkin Arrow
46:28 Plate Barding Armor
47:01 Iron Casting
47:16 Logistica
50:32 Bracer
51:16 Crop Rotation
53:23 Two-Man Saw
52:43 Capped Ram
53:40 Siege Ram
54:42 Thumb Ring
56:31 Caravan
58:00 Thumb Ring
59:39 Husbandry
59:10 Light Cavalry
61:07 Scale Mail Armor
61:10 Squires
62:33 Onager
62:53 Hussar
63:05 Pikeman
64:42 Chain Mail Armor
64:57 Ring Archer Armor
65:25 Halberdier
67:29 Ballistics
72:36 Plate Mail Armor
85:32 Heavy Camel Rider
gabrieloresp
9:36 Feudal Age
9:15 Loom
13:35 Castle Age
12:10 Double-Bit Axe
21:49 Bow Saw
24:49 Wheelbarrow
24:05 Horse Collar
25:52 Heavy Plow
26:34 Forging
26:32 Scale Barding Armor
26:47 Hand Cart
27:00 Town Watch
27:44 Town Patrol
30:34 Imperial Age
28:47 Bloodlines
28:39 Husbandry
29:26 Iron Casting
29:18 Chain Barding Armor
28:41 Light Cavalry
32:19 Plate Barding Armor
31:54 Farimba
34:23 Heavy Camel Rider
37:10 Gold Mining
37:58 Treadmill Crane
39:44 Fletching
43:46 Fortified Wall
48:00 Pikeman
49:06 Scale Mail Armor
50:11 Man-at-Arms
54:20 Chemistry
69:41 Conscription
68:45 Elite Gbeto
75:10 Squires
74:56 Arson
85:15 Chain Mail Armor
87:44 Caravan
88:15 Coinage
87:55 Guilds
alfredoruninm
8:02 Feudal Age
11:45 Castle Age
9:48 Horse Collar
10:11 Double-Bit Axe
13:15 Loom
19:04 Wheelbarrow
19:26 Bloodlines
20:14 Bow Saw
20:39 Scale Barding Armor
21:31 Forging
21:49 Husbandry
23:20 Chain Barding Armor
25:28 Heavy Plow
25:22 Stone Mining
25:23 Gold Mining
27:28 Iron Casting
31:13 Imperial Age
28:59 Hand Cart
30:44 Light Cavalry
33:55 Crop Rotation
34:22 Ming Guang Armor
34:21 Conscription
34:24 Ballistics
35:05 Chemistry
35:18 Thumb Ring
35:39 Parthian Tactics
35:08 Fletching
35:18 Padded Archer Armor
36:10 Tuntian
36:46 Hoardings
36:15 Elite Tiger Cavalry
37:18 Bodkin Arrow
37:39 Leather Archer Armor
38:09 Bracer
39:42 Fervor
39:52 Sanctity
40:47 Blast Furnace
42:02 Ring Archer Armor
42:30 Town Watch
46:39 Masonry
46:41 Fortified Wall
45:56 Hussar
57:31 Caravan
63:40 Coinage
72:42 Elite Skirmisher
74:54 Scale Mail Armor
78:25 Banking
88:14 Hoardings
Connection lost

Rejoining the realm…

Still unreachable

The connection could not be restored.

Session expired

The server has moved on; the page needs a fresh start.